 Dungeon Crawl Stone Soup version 0.29-a0-330-g52719c12eb (webtiles) character file.

Game seed: 17983570851798445337

132 Crownlay the Shooter (level 4, -22/23 HPs)
             Began as a Spriggan Hunter on May 12, 2022.
             Killed from afar by Ijyb (33 damage)
             ... with a bolt of acid
             ... on level 3 of the Dungeon.
             The game lasted 00:03:06 (1783 turns).

Crownlay the Shooter (Spriggan Hunter)              Turns: 1783, Time: 00:03:06

Health: -22/23     AC: -2    Str:  7    XL:     4   Next: 92%
Magic:  5/5        EV: 18    Int: 10    God:
Gold:   140        SH:  0    Dex: 20    Spells: 3/3 levels left

rFire   . . .      SeeInvis +   a - +1 shortbow
rCold   . . .      Faith    .   (shield currently unavailable)
rNeg    . . .      Spirit   .   b - +0 robe
rPois   .          Reflect  .   (helmet restricted)
rElec   .          Harm     .   (no cloak)
rCorr   .          Rampage  .   (gloves unavailable)
Will    .....                   (boots unavailable)
Stlth   ++........              (no amulet)
HPRegen 0.07/turn               (no ring)
MPRegen 0.09/turn               (no ring)

@: corroded, very quick
A: very small, no large weapons, unfitting armour, see invisible, speed 3
a: no special abilities


You were on level 3 of the Dungeon.
You visited 1 branch of the dungeon, and saw 3 of its levels.

You collected 140 gold pieces.

Inventory:

Hand Weapons
 a - a +1 shortbow (weapon)
Armour
 b - a +0 robe (worn)
Scrolls
 c - a scroll of immolation
 d - a scroll of identify
 f - 2 scrolls of amnesia
 i - a scroll of enchant armour
 j - a scroll of teleportation
Potions
 e - a potion of lignification {unknown}
 g - 3 potions of curing {unknown}
 h - a potion of degeneration {unknown}
 k - a potion of ambrosia {unknown}
 l - a potion of haste {unknown}
 m - 3 potions of might {unknown}
 n - 2 potions of heal wounds {unknown}
 o - 2 potions of cancellation {unknown}
 p - a potion of invisibility {unknown}
 q - a potion of attraction {unknown}


   Skills:
 + Level 2.7 Fighting
 * Level 6.8 Bows
 - Level 2.6 Dodging
 - Level 1.5 Stealth


You had 3 spell levels left.
You didn't know any spells.
Your spell library was empty.

Dungeon Overview and Level Annotations

Branches:
Dungeon (3/15)

Altars:

Annotations:
D:3 Ijyb


Innate Abilities, Weirdness & Mutations

You are very small and have problems with some larger weapons.
You are too small for most types of armour.
You have supernaturally acute eyesight. (SInv)
You cover ground extremely quickly. (Speed+++)


Message History

Found a dagger.
Found a ring mail.
You see here a +0 ring mail.
An endoplasm and a ball python come into view.
You shoot an arrow. The arrow hits the endoplasm.
The endoplasm quivers.
The endoplasm is severely wounded.
You shoot an arrow. The arrow hits the endoplasm.
You kill the endoplasm!
You shoot an arrow. The arrow hits the ball python!
You kill the ball python!
No target in view!
No target in view!
Ijyb the Twisted Goblin comes into view.
She is wielding a +0 club and carrying a wand of acid (11).
You shoot an arrow. The arrow hits Ijyb.
Ijyb shouts!
Ijyb is lightly wounded.
You hear an angry hiss.
A ball python comes into view.
You shoot an arrow. The arrow hits Ijyb but does no damage.
Ijyb is lightly wounded.
Ijyb zaps a wand.
The bolt of acid misses you.
You shoot an arrow. The arrow hits Ijyb.
Ijyb is lightly wounded.
You shoot an arrow. The arrow closely misses Ijyb.
You shoot an arrow. The arrow closely misses Ijyb.
The arrow hits the ball python!
You kill the ball python!
You shoot an arrow. The arrow hits Ijyb!
Ijyb is heavily wounded.
Ijyb zaps a wand.
The bolt of acid misses you.
You shoot an arrow. The arrow hits Ijyb but does no damage.
Ijyb is heavily wounded.
You shoot an arrow. The arrow hits Ijyb.
Ijyb is severely wounded.
Ijyb zaps a wand.
The bolt of acid hits you!
Ouch! That really hurt!
The acid corrodes you!
Ijyb zaps a wand.
The bolt of acid hits you!!
Ouch! That really hurt!
You die...

#.. ##.. ..# #... ...
#..#############†#
#..#...........#.#
#..#[####.####.#.#
#..#....#.#....#g#
#..####.#.#.####@####.#
#)......#.#......†....#
##.######.#############.
#......................
#####...#.......#.#####
.....##.##.........#....
......(.##...........#
.......###.......###...#
.......###.......##
##....


You could see Ijyb.

Vanquished Creatures
  An orc wizard (D:3)
  4 adders
  A worm (D:2)
  A dart slug (D:3)
  4 orcs (D:3)
  3 endoplasms
  3 giant cockroaches
  6 goblins
  7 hobgoblins
  8 jackals (D:2)
  3 quokkas (D:3)
  6 ball pythons
  A bat (D:2)
  4 frilled lizards
  A kobold (D:2)
  3 rats
56 creatures vanquished.

Notes
Turn   | Place    | Note
-------+----------+-------------------------------------------
     0 | D:1      | Crownlay the Spriggan Hunter began the quest for the Orb.
     0 | D:1      | Reached XP level 1. HP: 10/10 MP: 2/2
    54 | D:1      | Reached skill level 5 in Bows
   150 | D:1      | Reached XP level 2. HP: 15/15 MP: 3/3
   905 | D:2      | Reached XP level 3. HP: 18/18 MP: 4/4
   984 | D:2      | Found a faded altar of an unknown god.
  1123 | D:2      | Reached skill level 6 in Bows
  1479 | D:3      | Reached XP level 4. HP: 23/23 MP: 5/5
  1775 | D:3      | Noticed Ijyb
  1783 | D:3      | Killed from afar by Ijyb

Illustrated notes

Levels and vault maps discovered:
D:1:      shiori_arrival_oz, layout_basic,
          nicolae_concentric_dashed_squares_wild, minmay_vboxes
D:2:      layout_loops_ring, hellmonk_ecumenical_altar_dog_temple,
          serial_bayou_pond_e
D:3:      layout_rooms, amethyst_overflow_temple_binary, chequers_avenue,
          roderic_lattice_a, uniq_sigmund, uniq_ijyb

Skill      XL: |  1  2  3 |
---------------+----------+-----
Bows           | 5 6 |  6.8
Fighting       | 2 |  2.7
Dodging        | |  2.6
Stealth        | |  1.5

Action                   |  1- 3 |  4- 6 || total
-------------------------+-------+-------++-------
 Fire: Shortbow          |    86 |    41 ||   127
  Use: Scroll            |     3 |       ||     3
Armor: Robe              |     1 |       ||     1
Dodge: Dodged            |    10 |    19 ||    29

Table legend: (Time is in decaauts)
 A = Elapsed time spent in this place.
 B = Non-inter-level travel time spent in this place.
 C = Inter-level travel time spent in this place.
 D = Time resting spent in this place.
 E = Time spent auto-exploring this place.
 F = Levels seen in this place.
 G = Mean time per level.
                   A        B        C        D        E       F      G
               +--------+--------+--------+--------+--------+-----+--------+
         Total |   1290 |   1271 |     19 |      0 |   1058 |   3 |  430.0 |
       Dungeon |   1290 |   1271 |     19 |      0 |   1058 |   3 |  430.0 |
               +--------+--------+--------+--------+--------+-----+--------+

Top non-repeatable levels by time:
     D:2: 526 daAuts
     D:1: 475 daAuts
     D:3: 288 daAuts
